 Dungeon Sprint DCSS version 0.14-a0-1721-g84c87b2 (webtiles) character file.

79 Psiweapon the Shield-Bearer (level 3, -3/26 HPs)
             Began as a Gargoyle Fighter on Jan 2, 2014.
             Slain by a water elemental (5 damage)
             ... in the Dungeon (Sprint III: "The Ten Rune Challenge").
             The game lasted 00:01:37 (570 turns).

Psiweapon the Shield-Bearer (Gargoyle Fighter)       Turns: 570, Time: 00:01:37

HP  -3/26        AC 10     Str 20      XL: 3   Next: 81%
MP   3/3         EV  7     Int  8      God:
Gold 28          SH 19     Dex  9      Spells:  0 memorised,  2 levels left

rFire  . . .     SeeInvis .     a - +0 mace
rCold  . . .     Clarity  .     b - +0 scale mail
rNeg   + . .     Conserve .     c - +0 shield
rPois  +         rCorr    .     (no helmet)
rElec  +         rRot     +     (no cloak)
SustAb . .       Spirit   .     (no gloves)
rMut   .         Warding  .     (no boots)
Saprov . . .     NoTele   +     (no amulet)
                                (no ring)
                                (no ring)

@: not resistant to hostile enchantments, extremely unstealthy
A: life protection 1, electricity resistance, unbreathing, petrification
resistance, AC +3
a: no special abilities


You were in the Dungeon.
You were not hungry.

You visited 1 branch You collected 28 gold pieces.

Inventory:

Hand weapons
 a - a +0,+0 mace (weapon)
Armour
 b - a +0 scale mail (worn)
 c - a +0 shield (worn)
Comestibles
 d - a bread ration
 l - 2 rotting chunks of human flesh
 q - a meat ration
 v - a royal jelly
Scrolls
 j - a scroll of blinking
 k - a scroll of curse armour {unknown}
 n - a scroll of holy word {unknown}
 o - a scroll of identify {unknown}
 p - 4 scrolls of remove curse
 t - a scroll of immolation {unknown}
 u - a scroll of recharging {unknown}
Potions
 e - a potion of curing
 f - a potion of heal wounds
 g - a potion of speed
 h - 2 potions of magic
 i - a potion of berserk rage
 m - 2 potions of mutation {unknown}
 r - 2 potions of cure mutation {unknown}
 s - 2 potions of flight
 w - a potion of lignification {unknown}


   Skills:
 + Level 5.0 Fighting
 + Level 4.1 Maces & Flails
 + Level 5.1 Armour
 + Level 5.4 Shields


You had 2 spell levels left.
You didn't know any spells.

Dungeon Overview and Level Annotations

Branches:
Dungeon (1/1)

Altars:


Innate Abilities, Weirdness & Mutations

You are resistant to torment.
You are immune to poison.
Your stone body is very resilient (AC +3).
You resist negative energy.
You are resistant to electric shocks.
You can survive without breathing.
You are immune to petrification.


Message History

A water elemental comes into view.
You hit the water elemental but do no damage.
The water elemental hits you.
Your shield and scale mail prevent you from hitting the water elemental.
You block the water elemental's attack.
You closely miss the water elemental. You block the water elemental's attack.
The water elemental hits you.
The water elemental engulfs you in water!
You sock the water elemental!
The water elemental is moderately damaged.
The water elemental hits you!
Ouch! That really hurt!
You barely miss the water elemental.
The water elemental is moderately damaged.
The water elemental hits you!
* * * LOW HITPOINT WARNING * * *
You hit the water elemental.
The water elemental is heavily damaged.
The water elemental hits you.
You die...

▓▓▓▓▓▓▓▓▓▓▓▓▓ ▓▓▓▓
<.#..'.....♣♣♣♣♣.#
..#..#.....♣♣♣♣♣.#
#'####....♣.♣♣♣..#
.....#....≈.♣♣♣..#
.....#...≈≈♣...♣@#
.....#..≈≈≈≈..♣♣.E.⌠.....
####'#..≈≈≈≈≈≈...#...###
...%)#.≈≈≈≈≈≈....#.⌠.#
.....#.≈≈≈≈≈.....# ..#
.....#.≈≈≈.......# ###
'#####...........#
.................#
▓▓▓▓▓▓▓▓▓▓▓▓▓▓▓▓▓▓


You could see a water elemental.

Vanquished Creatures
  A human (D)
  Jessica (D)
  A giant mite (D)
  A phantom (D)
  2 grey rats (D)
6 creatures vanquished.

Vanquished Creatures (others)
  2 draconian scorchers (D)
  A plant (D)
3 creatures vanquished.

Grand Total: 9 creatures vanquished

Notes
Turn   | Place    | Note
--------------------------------------------------------------
     0 | D        | Psiweapon, the Gargoyle Fighter, began the quest for the Orb.
     0 | D        | Reached XP level 1. HP: 14/14 MP: 1/1
    12 | D        | Reached skill level 4 in Shields
   203 | D        | Noticed Jessica
   210 | D        | Reached XP level 2. HP: 17/20 MP: 2/2
   211 | D        | Killed Jessica
   211 | D        | Reached skill level 5 in Shields
   211 | D        | Reached XP level 3. HP: 19/24 MP: 3/3
   258 | D        | Reached skill level 5 in Fighting
   258 | D        | Reached skill level 5 in Armour
   457 | D        | Killed a white draconian scorcher
   476 | D        | Killed a white draconian scorcher
   563 | D        | Noticed a water elemental
   570 | D        | Slain by a water elemental

Action                   || total
-------------------------++-------
Melee: Mace              ||    51
